General information
- name: BNet
- type: Ladder 1vs1/FFA
- host: Battle.net
- saver: eggeater420
map: GnollWood
- players: 2
- length: 38:46
- speed: Fast
- version: 1.24 W3XP
- replay type: Public
» download(90 KB)
Players
team 1 (loser)
tauren_maldad (
orange | 45 APM | 1751 actions | 38:45)
5 Mountain King
3 Storm Bolt
2 Bash
5 Blood Mage
3 Flame Strike
2 Siphon Mana
5 Pit Lord
3 Rain of Fire
2 Cleaving Attack
» actions
| Assign group hotkey | 35 | |
| Basic commands | 37 | |
| Build / train | 129 | |
| Enter build submenu | 36 | |
| Enter hero's abilities submenu | 19 | |
| Give item / drop item | 4 | |
| Right click | 639 | |
| Select / deselect | 485 | |
| Select group hotkey | 228 | |
| Use ability | 139 | |
1751 total
» units
| Peasant | 15 | |
| Footman | 8 | |
| Forest Troll Shadow Priest | 2 | |
| Forest Troll Berserker | 1 | |
| Dragonhawk Rider | 10 | |
| Mortar Team | 20 | |
| Siege Engine | 13 | |
69 total
» upgrades
| Lumber Harvesting | 2 | |
| Cloud | 1 | |
| Priest Training | 1 | |
| Sorceress Training | 1 | |
| Fragmentation Shards | 1 | |
| Flare | 1 | |
7 total
» buildings
| Altar of Kings | 1 | |
| Farm | 11 | |
| Barracks | 1 | |
| Lumber Mill | 1 | |
| Scout Tower | 7 | |
| Arcane Tower | 1 | |
| Arcane Vault | 1 | |
| Keep | 1 | |
| Guard Tower | 6 | |
| Town Hall | 2 | |
| Gryphon Aviary | 2 | |
| Castle | 1 | |
| Blacksmith | 1 | |
| Workshop | 3 | |
| Arcane Sanctum | 2 | |
41 total
» build order
00:12 Altar of Kings
00:16 Farm
00:34 Barracks
00:56 Farm
01:30 Lumber Mill
01:37 Scout Tower
02:09 Arcane Tower
02:33 Farm
02:50 Arcane Vault
04:13 Scout Tower
04:15 Keep
04:46 Farm
04:48 Guard Tower
05:28 Scout Tower
06:01 Guard Tower
06:17 Farm
06:55 Town Hall
07:00 Scout Tower
07:31 Scout Tower
08:00 Scout Tower
08:02 Guard Tower
08:34 Guard Tower
08:36 Guard Tower
09:11 Gryphon Aviary
09:48 Gryphon Aviary
09:56 Scout Tower
10:29 Guard Tower
11:42 Castle
12:35 Farm
12:38 Farm
13:02 Blacksmith
13:18 Farm
14:23 Workshop
14:31 Workshop
14:56 Farm
15:00 Farm
17:04 Town Hall
19:55 Arcane Sanctum
19:58 Arcane Sanctum
21:36 Farm
23:27 Workshop
» items
| Scroll of Regeneration | 5 | |
| Lesser Clarity Potion | 6 | |
| Boots of Speed | 3 | |
| Potion of Lesser Invulnerability | 4 | |
| Potion of Invisibility | 5 | |
| Scroll of Town Portal | 1 | |
| Staff of Teleportation | 2 | |
26 total
team 2 (winner)
eggeater420 (
yellow | 28 APM | 1088 actions | 38:46)
» actions
| Assign group hotkey | 150 | |
| Basic commands | 15 | |
| Build / train | 318 | |
| ESC pressed | 2 | |
| Enter build submenu | 38 | |
| Right click | 117 | |
| Select / deselect | 272 | |
| Use ability | 176 | |
1088 total
» units
» upgrades
» buildings
| Lumber Mill | 3 | |
| Farm | 3 | |
| Scout Tower | 155 | |
| Guard Tower | 290 | |
451 total
» build order
00:21 Lumber Mill
00:36 Farm
00:40 Farm
00:40 Farm
01:22 Scout Tower
01:30 Scout Tower
01:32 Scout Tower
01:50 Guard Tower
01:54 Scout Tower
02:08 Scout Tower
02:09 Scout Tower
02:10 Scout Tower
02:10 Scout Tower
02:11 Scout Tower
02:12 Scout Tower
02:15 Guard Tower
02:40 Guard Tower
02:41 Guard Tower
02:41 Guard Tower
02:42 Guard Tower
02:53 Scout Tower
02:54 Scout Tower
02:55 Scout Tower
02:55 Scout Tower
03:03 Scout Tower
03:04 Scout Tower
03:05 Scout Tower
03:06 Scout Tower
03:09 Guard Tower
03:24 Guard Tower
03:25 Guard Tower
03:34 Guard Tower
03:49 Scout Tower
03:51 Scout Tower
03:51 Scout Tower
03:59 Scout Tower
04:00 Scout Tower
04:00 Scout Tower
04:00 Scout Tower
04:03 Guard Tower
04:04 Guard Tower
04:18 Guard Tower
04:18 Guard Tower
04:22 Guard Tower
04:26 Guard Tower
04:42 Guard Tower
04:43 Guard Tower
04:56 Guard Tower
04:57 Guard Tower
05:02 Scout Tower
05:02 Scout Tower
05:03 Scout Tower
05:03 Scout Tower
05:08 Scout Tower
05:19 Guard Tower
05:19 Guard Tower
05:26 Guard Tower
05:33 Guard Tower
05:34 Guard Tower
05:34 Guard Tower
05:53 Guard Tower
05:56 Scout Tower
05:58 Scout Tower
05:58 Scout Tower
06:00 Scout Tower
06:01 Scout Tower
06:02 Scout Tower
06:02 Scout Tower
06:03 Scout Tower
06:03 Scout Tower
06:03 Scout Tower
06:04 Scout Tower
06:04 Scout Tower
06:05 Scout Tower
06:06 Scout Tower
07:06 Guard Tower
07:30 Guard Tower
07:30 Guard Tower
07:30 Guard Tower
07:30 Guard Tower
07:31 Guard Tower
07:42 Guard Tower
07:43 Guard Tower
07:48 Guard Tower
07:48 Guard Tower
07:48 Guard Tower
08:01 Lumber Mill
08:08 Guard Tower
08:08 Guard Tower
08:08 Guard Tower
08:20 Guard Tower
08:20 Guard Tower
08:21 Guard Tower
08:21 Guard Tower
08:27 Guard Tower
08:27 Guard Tower
08:28 Guard Tower
08:28 Guard Tower
08:38 Scout Tower
08:41 Guard Tower
08:41 Guard Tower
08:42 Guard Tower
08:42 Guard Tower
08:50 Guard Tower
08:50 Guard Tower
08:50 Guard Tower
08:51 Guard Tower
09:12 Guard Tower
09:12 Guard Tower
09:13 Guard Tower
09:15 Guard Tower
09:15 Guard Tower
09:26 Scout Tower
09:42 Scout Tower
09:43 Scout Tower
09:44 Scout Tower
09:45 Scout Tower
09:46 Scout Tower
09:48 Scout Tower
09:49 Scout Tower
09:50 Scout Tower
09:51 Scout Tower
09:51 Scout Tower
09:52 Scout Tower
09:53 Scout Tower
09:54 Scout Tower
09:55 Scout Tower
09:57 Scout Tower
09:57 Scout Tower
09:58 Scout Tower
10:00 Scout Tower
10:16 Guard Tower
10:17 Guard Tower
10:43 Guard Tower
11:13 Guard Tower
11:40 Guard Tower
11:41 Guard Tower
11:41 Guard Tower
11:41 Guard Tower
12:00 Guard Tower
12:01 Guard Tower
12:01 Guard Tower
12:12 Scout Tower
12:14 Scout Tower
12:14 Scout Tower
12:15 Scout Tower
12:16 Scout Tower
12:18 Scout Tower
12:21 Scout Tower
12:23 Scout Tower
12:23 Scout Tower
12:24 Scout Tower
12:24 Scout Tower
12:25 Scout Tower
12:26 Scout Tower
12:26 Scout Tower
12:28 Scout Tower
12:28 Scout Tower
12:29 Scout Tower
12:30 Scout Tower
12:30 Scout Tower
12:55 Guard Tower
12:55 Guard Tower
12:56 Guard Tower
13:13 Guard Tower
13:13 Guard Tower
13:19 Guard Tower
13:19 Guard Tower
13:19 Guard Tower
13:20 Guard Tower
13:21 Guard Tower
13:22 Guard Tower
13:22 Guard Tower
13:22 Guard Tower
13:30 Guard Tower
13:30 Guard Tower
13:30 Guard Tower
13:30 Guard Tower
13:36 Guard Tower
13:36 Guard Tower
13:36 Guard Tower
13:37 Guard Tower
13:54 Guard Tower
13:54 Guard Tower
13:55 Guard Tower
13:55 Guard Tower
14:02 Guard Tower
14:02 Guard Tower
14:02 Guard Tower
14:02 Guard Tower
14:17 Scout Tower
14:19 Scout Tower
14:26 Guard Tower
14:27 Guard Tower
14:27 Guard Tower
14:27 Guard Tower
14:41 Lumber Mill
14:50 Guard Tower
15:05 Guard Tower
15:19 Guard Tower
15:43 Guard Tower
16:11 Guard Tower
16:12 Guard Tower
16:12 Guard Tower
16:15 Scout Tower
16:16 Scout Tower
16:17 Scout Tower
16:18 Scout Tower
16:18 Scout Tower
16:19 Scout Tower
16:20 Scout Tower
16:21 Scout Tower
16:22 Scout Tower
16:23 Scout Tower
16:23 Scout Tower
16:24 Scout Tower
16:25 Scout Tower
16:39 Guard Tower
16:39 Guard Tower
16:40 Guard Tower
16:40 Guard Tower
16:47 Guard Tower
16:47 Guard Tower
16:56 Scout Tower
16:57 Scout Tower
16:57 Scout Tower
16:59 Scout Tower
16:59 Scout Tower
17:00 Scout Tower
17:07 Guard Tower
17:08 Guard Tower
18:43 Scout Tower
18:53 Scout Tower
18:58 Guard Tower
18:58 Guard Tower
19:15 Guard Tower
19:16 Guard Tower
19:16 Guard Tower
19:19 Guard Tower
19:19 Guard Tower
19:32 Guard Tower
19:32 Guard Tower
19:33 Guard Tower
19:33 Guard Tower
19:37 Scout Tower
19:40 Scout Tower
19:41 Scout Tower
19:42 Scout Tower
19:43 Scout Tower
19:44 Scout Tower
19:45 Scout Tower
20:28 Guard Tower
20:44 Guard Tower
21:01 Scout Tower
21:03 Scout Tower
21:04 Scout Tower
21:06 Scout Tower
21:07 Scout Tower
21:09 Scout Tower
21:10 Scout Tower
22:06 Scout Tower
22:07 Scout Tower
22:07 Scout Tower
22:08 Scout Tower
22:08 Scout Tower
22:10 Scout Tower
22:10 Scout Tower
22:11 Scout Tower
22:12 Scout Tower
22:13 Scout Tower
22:13 Scout Tower
22:14 Scout Tower
22:15 Scout Tower
22:20 Guard Tower
22:20 Guard Tower
22:20 Guard Tower
22:46 Guard Tower
22:47 Guard Tower
22:47 Guard Tower
22:47 Guard Tower
23:07 Guard Tower
23:08 Guard Tower
23:08 Guard Tower
23:08 Guard Tower
23:26 Guard Tower
23:32 Guard Tower
23:32 Guard Tower
23:32 Guard Tower
23:58 Guard Tower
23:58 Guard Tower
23:59 Guard Tower
23:59 Guard Tower
24:17 Guard Tower
24:43 Guard Tower
24:43 Guard Tower
24:53 Scout Tower
24:54 Scout Tower
24:54 Scout Tower
24:56 Scout Tower
24:56 Scout Tower
24:59 Guard Tower
24:59 Guard Tower
25:00 Guard Tower
25:16 Guard Tower
25:16 Guard Tower
25:16 Guard Tower
25:17 Guard Tower
25:30 Guard Tower
25:30 Guard Tower
25:31 Guard Tower
25:31 Guard Tower
25:52 Guard Tower
25:55 Guard Tower
25:55 Guard Tower
26:00 Scout Tower
26:01 Scout Tower
26:02 Scout Tower
26:03 Scout Tower
26:04 Scout Tower
26:18 Scout Tower
26:19 Scout Tower
26:19 Scout Tower
26:20 Scout Tower
26:22 Scout Tower
26:22 Scout Tower
26:24 Scout Tower
26:25 Scout Tower
26:25 Scout Tower
26:28 Scout Tower
26:29 Scout Tower
26:29 Scout Tower
26:50 Guard Tower
26:50 Guard Tower
26:50 Guard Tower
26:51 Guard Tower
26:52 Guard Tower
26:53 Guard Tower
26:53 Guard Tower
26:53 Guard Tower
27:04 Guard Tower
27:04 Guard Tower
27:04 Guard Tower
27:04 Guard Tower
27:32 Guard Tower
27:33 Guard Tower
27:33 Guard Tower
27:33 Guard Tower
27:48 Guard Tower
27:49 Guard Tower
27:49 Guard Tower
27:49 Guard Tower
28:09 Guard Tower
28:09 Guard Tower
28:10 Guard Tower
28:10 Guard Tower
28:21 Guard Tower
28:21 Guard Tower
28:22 Guard Tower
28:22 Guard Tower
29:11 Guard Tower
Chat log
(12:04 / All) tauren_maldad: wtf are you doing?
(12:37 / All) eggeater420: trying the mass tower strat
(22:11 / All) tauren_maldad: what a waste of your time
(22:13 / All) tauren_maldad: and of my time
(22:25 / All) eggeater420: its an experiment
(22:43 / All) eggeater420: im checking if noobs know about siege units or cloud
(23:14 / All) tauren_maldad: leave please
(23:29 / All) eggeater420: nah I need to see how long it takes
(24:12 / All) eggeater420: what is your age?
(24:36 / All) eggeater420: can you tell me?
(24:38 / All) eggeater420: its for school
(26:38 / All) eggeater420: so can i get your age or not?
(27:24 / All) eggeater420: can you answer whether or not you've ever used siege units before this game?
(27:44 / All) tauren_maldad: im not gonna play your game
(27:53 / All) eggeater420: you will win
(27:58 / All) eggeater420: i just have a few questions
(28:03 / All) eggeater420: if you really don't want to answer thats ok
(30:56 / All) tauren_maldad: you dont have nothing to do?
(31:09 / All) eggeater420: correct
(31:58 / All) eggeater420: can I ask why you constructed towers at your expansion even though I trained no units?
(32:30 / All) tauren_maldad: lol
(32:31 / All) tauren_maldad: hacking?
(32:54 / All) eggeater420: are you hacking?
(33:52 / All) eggeater420: do you think you could have won this game faster if you had used map hack?
(34:09 / All) tauren_maldad: im not gonna play your game
(34:11 / All) tauren_maldad: fuckin kid
(34:22 / All) eggeater420: so you're not a young age?
(34:24 / All) eggeater420: what is your age?
(34:34 / All) tauren_maldad: 41
(34:35 / All) eggeater420: its for my assignment
(34:37 / All) eggeater420: thanks
(34:53 / All) tauren_maldad: lol
(34:59 / All) tauren_maldad: what is your assignment
(35:07 / All) tauren_maldad: make people mad at wc
(35:29 / All) eggeater420: seeing how fast people can solve simple strategic situations
(35:40 / All) eggeater420: such as countering towers with siege units or cloud
(37:41 / All) eggeater420: ty for the help btw
(37:45 / All) eggeater420: you're almost done